 Dungeon Crawl Stone Soup version 0.29-a0-925-g0a7a3d12f8 (webtiles) character file.

Game seed: 652058568802737815

3772 snetch the Thaumaturge (level 10, -12/67 HPs)
             Began as a Djinni Fire Elementalist on July 27, 2022.
             Was an Elder of Makhleb.
             Mangled by Gastronok (17 damage)
             ... on level 8 of the Dungeon on July 28, 2022.
             The game lasted 00:33:38 (8524 turns).

snetch the Thaumaturge (Djinni Fire Elementalist)   Turns: 8524, Time: 00:33:41

Health: -12/67     AC: 12    Str:  4 (7)  XL:     10   Next: 38%
Gold:   145        EV:  6    Int: 24 (27) God:    Makhleb [****..] SH:  0 Dex: 15 (17)

rFire   + + .      SeeInvis .   a - +3 woodcutter's axe {vorpal}
rCold   x . .      Faith    .   (shield currently unavailable)
rNeg    + . .      Spirit   .   T - +1 scale mail {Will+}
rPois   ∞          Reflect  .   G - +0 helmet
rElec   .          Harm     .   (no cloak)
rCorr   .          Rampage  .   S - +2 pair of gloves {Dex+3}
Will    ++...                   (boots unavailable)
Stlth   +.........              (no amulet)
HPRegen 0.21/turn               r - ring of positive energy
MPRegen 0.00/turn               N - +6 ring of intelligence

@: flying, very slightly contaminated
A: sickness immunity, fire resistance 2, cold vulnerability 1, float, innate
caster, HP casting, extra vitality 1
a: Renounce Religion, Minor Destruction, Lesser Servant of Makhleb, Major
Destruction


You were on level 8 of the Dungeon.
You worshipped Makhleb.
Makhleb was greatly pleased with you.
You visited 2 branches of the dungeon, and saw 9 of its levels.
You also visited: Ossuary.

You collected 420 gold pieces.
You spent 275 gold pieces at shops.

Inventory:

Hand Weapons
 a - the +3 woodcutter's axe (weapon) {vorpal}
   (You found it on level 5 of the Dungeon)

   It inflicts extra damage upon your enemies.
 C - a +0 whip of electrocution
 D - a +2 demon whip of electrocution
 P - a +2 short sword of distortion
Missiles
 c - 79 stones
 o - 3 boomerangs of dispersal
 H - 5 boomerangs
 O - 7 poisoned darts
Armour
 d - a +0 chain mail
 G - a +0 helmet (worn)
 R - +0 steam dragon scales
 S - a +2 pair of gloves of dexterity (worn)
 T - a +1 scale mail of willpower (worn)
Magical Staves
 K - a staff of cold
Jewellery
 k - a +6 ring of dexterity
 r - a ring of positive energy (left hand)
 I - a ring of resist corrosion
 N - a +6 ring of intelligence (right hand)
 V - a ring of ice
Wands
 e - a wand of polymorph (11)
 B - a wand of flame (31)
 E - a wand of roots (14)
Scrolls
 b - 2 scrolls of immolation {unknown}
 f - 4 scrolls of vulnerability {unknown}
 g - 4 scrolls of teleportation {unknown}
 h - 2 scrolls of magic mapping {unknown}
 j - 10 scrolls of identify {unknown}
 n - a scroll of torment {unknown}
 t - 2 scrolls of enchant armour {unknown}
 u - 2 scrolls of fear {unknown}
 w - 4 scrolls of butterflies {unknown}
 y - a scroll of blinking {unknown}
 A - 2 scrolls of enchant weapon {unknown}
 J - 3 scrolls of noise {unknown}
 M - a scroll of amnesia {unknown}
 U - a scroll of acquirement {unknown}
Potions
 i - a potion of lignification {unknown}
 l - a potion of haste {unknown}
 m - 3 potions of curing
 p - 6 potions of degeneration
 q - a potion of berserk rage {unknown}
 s - 3 potions of mutation {unknown}
 v - a potion of brilliance {unknown}
 x - 2 potions of resistance {unknown}
 z - 2 potions of flight {unknown}
 F - 4 potions of heal wounds {unknown}
 L - 2 potions of ambrosia {unknown}
 Q - a potion of might {unknown}


   Skills:
 * Level 3.9 Fighting
 - Level 0.3 Short Blades
 + Level 4.7 Armour
 + Level 3.9 Dodging
 + Level 2.8 Stealth
 + Level 9.6 Spellcasting
 + Level 0.9 Invocations


You had 5 spell levels left.
You knew the following spells:

 Your Spells              Type           Power      Damage    Failure   Level
a - Foxfire               Conj/Fire      100%       2x1d9     3%          1
b - Scorch                Fire           100%       2d10      4%          2
c - Conjure Flame         Conj/Fire      55%        6-21      9%          3
d - Inner Flame           Hex/Fire       55%        N/A       9%          3
e - Flame Wave            Conj/Fire      55%        2d13      28%         4
f - Sandblast             Erth           100%       2d20      3%          1
g - Poisonous Vapours     Pois/Air       100%       N/A       4%          2
h - Stone Arrow           Conj/Erth      100%       3d13      9%          3
i - Fulminant Prism       Conj/Hex       27%        3d14      28%         4
Your spell library was empty.

Dungeon Overview and Level Annotations

Branches:
Dungeon (8/15)             Temple (1/1) D:4         Ossuary (visited)
   Lair: D:8-11

Altars:
Ashenzari
Cheibriados
Dithmenos
Elyvilon
Fedhas
Gozag
Hepliaklqana
Makhleb
Nemelex Xobeh
Okawaru
Ru
Trog
Uskayaw
Wu Jian
Xom
Yredelemnul
Zin
The Shining One

Shops:
D:6 [

Annotations:
D:8 Gastronok


Innate Abilities, Weirdness & Mutations

You are immune to sickness and miasma.
You are immune to poison.
Your flesh is very heat resistant. (rF++)
You are vulnerable to cold. (rC-)
You float through the air rather than walking.
You learn spells naturally, not from books.
Your magical power is your life essence.
You have superior vitality. (+4 MHP)


Message History

A wave of flame ripples out!
The flame wave engulfs Gastronok!
Gastronok is moderately wounded.
* * * LOW HITPOINT WARNING * * *
You finish channelling waves of flame.
It was a potion of degeneration.
There was something very wrong with that liquid.
You feel weakened.
You feel dopey.
You feel clumsy. Gastronok bites you but does no damage.
It was a potion of curing.
You feel better.
Casting: Flame Wave (dangerous; 28% risk of failure)
Confirm with . or Enter, or press ? or * to list all spells.
Flames lash Gastronok.
Gastronok is moderately wounded.
Gastronok's fire resistance burns away.
* * * LOW HITPOINT WARNING * * *
Gastronok wobbles crazily.
Casting: Scorch (safe; 4% risk of failure)
Confirm with . or Enter, or press ? or * to list all spells.
Flames lash Gastronok.
Gastronok is burned terribly!
Gastronok is heavily wounded.
* * * LOW HITPOINT WARNING * * *
Casting: Scorch (safe; 4% risk of failure)
Confirm with . or Enter, or press ? or * to list all spells.
Flames lash Gastronok.
Gastronok is burned terribly!
Gastronok is heavily wounded.
* * * LOW HITPOINT WARNING * * *
Gastronok bites you but does no damage.
Casting: Scorch (safe; 4% risk of failure)
Confirm with . or Enter, or press ? or * to list all spells.
You miscast Scorch.
You are very lightly contaminated with residual magic.
Nothing appears to happen.
* * * LOW HITPOINT WARNING * * *
Casting: Scorch (safe; 4% risk of failure)
Confirm with . or Enter, or press ? or * to list all spells.
Flames lash Gastronok.
Gastronok is burned terribly!
Gastronok is severely wounded.
* * * LOW HITPOINT WARNING * * *
Gastronok bites you!
You die...

##.#..###...).#
#.#.#.#.#.####
##.#.##.##)#######
#.##.............#
.###.##.##.#####.#
.###.##.##.# #.#
..##.......# #.#
........#### #w#
..####### #@# .##
#.# .#
############.# .#
#............# .#
#.############ .#
#.# .# #.# .# #.#
.# #.#


You could see Gastronok (combustible).

Vanquished Creatures
  Grinder (D:5)
  Eustachio (D:6)
  A wyvern (D:7)
  A steam dragon (D:7)
  2 water moccasins
  Duvessa (D:4)
  A black bear (D:4)
  An orc warrior (D:8)
  2 ice beasts
  A centaur (D:6)
  3 ogres
  A phantom (D:5)
  A kobold brigand (D:7)
  A gnoll sergeant (D:5)
  4 bullfrogs
  3 necrophages
  4 scorpions
  5 wights (D:8)
  Dowan (D:4)
  4 centaur zombies (Ossuary)
  2 hounds
  2 orc priests
  2 gnoll boudas
  A jelly (D:6)
  5 iguanas
  3 orc wizards
  6 mummies (Ossuary)
  15 gnolls
  5 adders
  8 river rats (D:5)
  A white imp (D:7)
  2 worms (D:4)
  4 dart slugs
  11 orcs
  6 ball pythons
  8 endoplasms
  5 giant cockroaches
  2 goblins
  3 hobgoblins
  7 jackals
  7 quokkas (D:5)
  A bat (D:3)
  3 frilled lizards
  5 hobgoblin zombies (Ossuary)
  8 kobolds
  19 rats
180 creatures vanquished.

Vanquished Creatures (collateral kills)
  A river rat (D:5)
  A jackal (D:5)
2 creatures vanquished.

Vanquished Creatures (others)
  323 foxfires
  2 fulminant prisms
325 creatures vanquished.

Grand Total: 507 creatures vanquished

Notes
Turn   | Place    | Note
-------+----------+-------------------------------------------
     0 | D:1      | snetch the Djinni Fire Elementalist began the quest for the
                  | Orb.
     0 | D:1      | snetch set off with the following spells memorised:
                  | Foxfire, Scorch, Conjure Flame, Inner Flame, Flame Wave.
     0 | D:1      | Reached XP level 1. HP: 15/15 MP: 0/0
   164 | D:2      | Reached XP level 2. HP: 17/21 MP: 0/0
   529 | D:1      | Reached skill level 3 in Spellcasting
   841 | D:1      | Reached XP level 3. HP: 20/25 MP: 0/0
   841 | D:1      | Learned a level 1 spell: Sandblast
  1649 | D:2      | Found a bloodstained altar of Trog.
  1732 | D:2      | Reached skill level 1 in Armour
  1776 | D:2      | Found a faded altar of an unknown god.
  1784 | D:2      | Prayed at the altar of an unknown god.
  1784 | D:2      | Became a worshipper of Makhleb the Destroyer
  1784 | D:2      | Reached * piety under Makhleb
  1841 | D:2      | Reached XP level 4. HP: 28/31 MP: 0/0
  2221 | D:4      | Noticed a scorpion
  2229 | D:4      | Killed a scorpion
  2230 | D:4      | Reached XP level 5. HP: 16/35 MP: 0/0
  2230 | D:4      | Learned a level 2 spell: Poisonous Vapours
  2314 | D:4      | Noticed a black bear
  2321 | D:4      | Killed a black bear
  2322 | D:4      | Reached skill level 4 in Spellcasting
  2322 | D:4      | Reached XP level 6. HP: 12/40 MP: 0/0
  2390 | D:4      | Found a staircase to the Ecumenical Temple.
  2440 | D:4      | Found a sand-covered staircase.
  2447 | Ossuary  | Entered an ossuary
  2726 | Ossuary  | Reached ** piety under Makhleb
  2740 | Ossuary  | Reached XP level 7. HP: 16/45 MP: 0/0
  2740 | Ossuary  | Learned a level 3 spell: Stone Arrow
  2751 | Ossuary  | Reached skill level 5 in Spellcasting
  3064 | D:5      | Entered Level 5 of the Dungeon
  4047 | D:4      | Noticed Duvessa
  4052 | D:4      | Killed Duvessa
  4053 | D:4      | Reached skill level 1 in Fighting
  4053 | D:4      | Reached XP level 8. HP: 17/52 MP: 0/0
  4298 | D:4      | Noticed Dowan
  4300 | D:4      | Killed Dowan
  4301 | D:4      | Reached skill level 6 in Spellcasting
  4516 | Temple   | Entered the Ecumenical Temple
  4872 | D:5      | Noticed Grinder
  4881 | D:5      | Killed Grinder
  4882 | D:5      | Reached skill level 7 in Spellcasting
  4882 | D:5      | Reached XP level 9. HP: 43/57 MP: 0/0
  4882 | D:5      | Learned a level 4 spell: Fulminant Prism
  4995 | D:5      | Reached *** piety under Makhleb
  5559 | D:5      | Found the +3 woodcutter's axe {vorpal}
  6076 | D:5      | Reached skill level 8 in Spellcasting
  6108 | D:5      | Found a broken altar of Ashenzari.
  6108 | D:5      | Found a burning altar of Makhleb.
  6327 | D:6      | Found Viosoajo's Antique Armour Boutique.
  6341 | D:6      | Found an opulent altar of Gozag.
  6407 | D:6      | Noticed Eustachio
  6418 | D:6      | Killed Eustachio
  6418 | D:6      | Reached **** piety under Makhleb
  7381 | D:6      | Upgraded the game from 0.29-a0-923-g6e406bff71 to
                  | 0.29-a0-925-g0a7a3d12f8
  7457 | D:7      | Reached XP level 10. HP: 51/66 MP: 0/0
  7462 | D:7      | Reached skill level 9 in Spellcasting
  7578 | D:6      | Bought a pair of embroidered gloves for 142 gold pieces
  7587 | D:6      | Bought a shiny scale mail for 133 gold pieces
  7855 | D:7      | Found an ornate altar of the Wu Jian Council.
  8509 | D:8      | Noticed Gastronok
  8524 | D:8      | Mangled by Gastronok

Illustrated notes

Levels and vault maps discovered:
D:1:      dpeg_arrival_stone_temple_mockup, layout_basic, minmay_ruptured
D:2:      layout_rooms, basic_altar, hellmonk_ecumenical_altar_prayer_group
D:3:      layout_rooms
D:4:      layout_basic, mainiacjoe_overflow_catwalk,
          minmay_temple_entry_enclosed_plants, chequers_ossuary_entry_cave,
          uniq_duvessa
D:5:      lemuel_ratsnest, layout_basic, gammafunk_temple_overflow_statue,
          pf_guarded_unrand_woodcutter, uniq_grinder
D:6:      layout_basic, nicolae_gozag_cash_rules_everything_around_me,
          serial_shops, nicolae_shop_statue_plus, uniq_eustachio
D:7:      layout_rooms, nzn_wu_jian_council_hall
D:8:      layout_loops_ring, chequers_arboretum, uniq_gastronok
Temple:   eino_temple_rhombus

Skill      XL: |  1  2  3  4  5  6  7  8  9 10 |
---------------+-------------------------------+-----
Spellcasting   | 3 4 5 7 8 9 |  9.6
Armour         | 1 2 3 4 |  4.7
Stealth        | 2 |  2.8
Dodging        | 3 |  3.9
Fighting       | 1 2 3 |  3.9
Short Blades   | |  0.3
Invocations    | |  0.9

Action                   |  1- 3 |  4- 6 |  7- 9 | 10-12 || total
-------------------------+-------+-------+-------+-------++-------
Melee: Unarmed           |     4 |       |       |       ||     4
       Punch             |     1 |       |       |       ||     1
       Dagger            |     2 |     2 |    10 |       ||    14
       Battleaxe         |       |       |       |     6 ||     6
 Cast: Foxfire           |    43 |    50 |    73 |    22 ||   188
       Scorch            |     2 |     8 |   104 |    22 ||   136
       Sandblast         |    11 |     1 |     6 |       ||    18
       Poisonous Vapours |       |     2 |     3 |     1 ||     6
       Stone Arrow       |       |       |     7 |     1 ||     8
       Flame Wave        |       |       |     5 |     1 ||     6
       Fulminant Prism   |       |       |     1 |     1 ||     2
Invok: Minor Destruction |       |     1 |     1 |       ||     2
       Lesser Servant of |       |       |     1 |       ||     1
  Use: Potion            |       |       |       |     2 ||     2
Armor: Ring mail         |     2 |       |    18 |     1 ||    21
       Leather armour    |       |    13 |     2 |       ||    15
       Scale mail        |       |       |       |     3 ||     3
Dodge: Dodged            |     9 |    24 |    35 |     5 ||    73

Table legend: (Time is in decaauts)
 A = Elapsed time spent in this place.
 B = Non-inter-level travel time spent in this place.
 C = Inter-level travel time spent in this place.
 D = Time resting spent in this place.
 E = Time spent auto-exploring this place.
 F = Levels seen in this place.
 G = Mean time per level.
                   A        B        C        D        E       F      G
               +--------+--------+--------+--------+--------+-----+--------+
         Total |   8543 |   7940 |    603 |      0 |   5910 |  10 |  854.3 |
       Dungeon |   7771 |   7186 |    585 |      0 |   5258 |   8 |  971.4 |
        Temple |    197 |    179 |     18 |      0 |    166 |   1 |  197.0 |
       Ossuary |    574 |    574 |      0 |      0 |    486 |   1 |  574.0 |
               +--------+--------+--------+--------+--------+-----+--------+

Top non-repeatable levels by time:
     D:1: 1617 daAuts
     D:5: 1590 daAuts
     D:6: 1283 daAuts
     D:3: 924 daAuts
     D:4: 759 daAuts
     D:2: 601 daAuts
 Ossuary: 574 daAuts
     D:7: 543 daAuts
     D:8: 452 daAuts
  Temple: 197 daAuts
